 Dungeon Crawl Stone Soup version 0.32-a0-818-gb728d0252e (webtiles) character file.

Game seed: 14170872873969174754

9611 shadizar the Geomancer (level 11, 0/72 HPs)
             Began as a Gargoyle Earth Elementalist on Mar 24, 2024.
             Was a High Priest of Vehumet.
             Slain by a boulder beetle (11 damage)
             ... on level 9 of the Dungeon.
             The game lasted 00:22:09 (12030 turns).

shadizar the Geomancer (GrEE)                      Turns: 12030, Time: 00:22:09

Health: 0/72       AC: 21    Str: 12    XL:     11   Next: 49%
Magic:  19/23      EV:  8    Int: 20    God:    Vehumet [*****.]
Gold:   698        SH:  8    Dex: 10    Spells: 22/26 levels left

rFire   + + .        q - staff of fire
rCold   . . .        z - +0 kite shield
rNeg    + . .        w - +0 ring mail {rF+}
rPois   ∞            j - +0 helmet
rElec   +            F - +2 cloak {Will+}
rCorr   .            p - +0 pair of gloves
SInv    .            t - +0 pair of boots
Will    +....        (no amulet)
Stlth   +            (no ring)
HPRegen 0.32/turn    (no ring)
MPRegen 0.18/turn

%: no passive effects
@: no status effects
A: sickness immunity, AC +8, negative energy resistance 1, electricity
resistance, torment resistance 1, petrification resistance
a: Renounce Religion


You were on level 9 of the Dungeon.
You worshipped Vehumet.
Vehumet was extremely pleased with you.
You visited 2 branches of the dungeon, and saw 10 of its levels.
You also visited: Bailey.

You collected 698 gold pieces.

Inventory:

Hand Weapons
 y - the +7 long sword of Qasin {antimagic, rElec Stlth+}
   (You found it on level 8 of the Dungeon)

   rElec:     It insulates you from electricity.
   Stlth+:    It makes you more stealthy.
 D - a +4 scimitar of freezing
Missiles
 x - 4 javelins
Armour
 a - a +0 robe
 j - a +0 helmet (worn)
 p - a +0 pair of gloves (worn)
 t - a +0 pair of boots (worn)
 w - a +0 ring mail of fire resistance (worn)
 z - a +0 kite shield (worn)
 F - a +2 cloak of willpower (worn)
 N - the +0 cloak of Orthodoxy {rElec rPois rF+ Will- Int+5}
   (You found it on level 9 of the Dungeon)

   Int+5:     It affects your intelligence (+5).
   rF+:       It protects you from fire.
   rElec:     It insulates you from electricity.
   rPois:     It protects you from poison.
   Will-:     It decreases your willpower.
 O - a +0 troll leather armour
Magical Staves
 q - a staff of fire (weapon)
 v - a staff of cold
Jewellery
 E - an amulet of faith
Wands
 f - a wand of acid (15)
 i - a wand of polymorph (9)
 s - a wand of flame (14)
 H - a wand of mindburst (13)
Scrolls
 d - 2 scrolls of blinking
 e - 4 scrolls of identify
 g - 3 scrolls of teleportation
 m - a scroll of fog
 n - a scroll of amnesia
 B - a scroll of poison
 I - a scroll of immolation
 J - a scroll of fear
Potions
 c - a potion of ambrosia
 h - 4 potions of mutation
 k - 3 potions of resistance
 l - a potion of haste {unknown}
 o - 9 potions of might
 u - a potion of attraction
 A - 2 potions of cancellation
 C - 2 potions of lignification
 G - 4 potions of curing
 K - a potion of brilliance {unknown}
 L - a potion of experience {unknown}
 M - a potion of invisibility {unknown}


   Skills:
 + Level 9.7 Fighting
 - Level 5.0 Armour
 + Level 2.5 Dodging
 - Level 2.1 Stealth
 - Level 5.0 Shields
 + Level 8.2 Spellcasting
 + Level 4.3 Conjurations
 * Level 12.0 Earth Magic


You had 22 spell levels left.
You knew the following spells:

 Your Spells              Type           Power      Damage    Failure   Level
a - Sandblast             Erth           100%       2d20      1%          1
b - Stone Arrow           Conj/Erth      82%        3d12      1%          3

Your spell library contained the following spells:

 Spells                   Type           Power      Damage    Failure   Level
 Fireball                 Conj/Fire      12%        3d7       82%         5
 Passwall                 Erth           54%        N/A       1%          3
 Brom's Barrelling Bould  Conj/Erth      41%        2d6       5%          4
 Petrify                  Alch/Erth      32%        N/A       45%         4
 Iskenderun's Mystic Bla  Conj/Tloc      17%        2d5       50%         4
 Lesser Beckoning         Tloc           16%        N/A       67%         2
 Gell's Gravitas          Tloc           8%         N/A       88%         3
 Teleport Other           Tloc           8%         N/A       88%         3
 Tukima's Dance           Hex            8%         N/A       88%         3
 Dimensional Bullseye     Hex/Tloc       4%         N/A       99%         4


Dungeon Overview and Level Annotations

Branches:
Dungeon (9/15)             Temple (1/1) D:5             Orc (0/2) D:9
 Bailey (visited)
   Lair: D:8-11

Altars:
Ashenzari
Cheibriados
Dithmenos
Elyvilon
Fedhas
Gozag
Hepliaklqana
Kikubaaqudgha
Makhleb
Nemelex Xobeh
Okawaru
Qazlal
Ru
Sif Muna
Trog
Uskayaw
Vehumet
Wu Jian
Xom
Yredelemnul
Zin
The Shining One

Shops:
D:5 ?


Innate Abilities, Weirdness & Mutations

You are immune to sickness and miasma.
Your stone body is resilient. (AC +8)
You are immune to poison.
You resist negative energy. (rN+)
You are resistant to electric shocks. (rElec)
You are resistant to unholy torment.
You are immune to petrification.


Message History

Aim: a boulder beetle (severely wounded, 100% to hit)
The blast of sand hits the boulder beetle but does no damage.
The boulder beetle is severely wounded.
The boulder beetle bites you but does no damage.
Unknown command.
Unknown command.
Unknown command.
Casting: Sandblast (safe; 1% risk of failure)
Confirm with . or Enter, or press ? or * to list all spells.
Aiming: Sandblast (safe; 1% risk of failure)
Press: ? - help, Shift-Dir - straight line, f/p - boulder beetle
Aim: a boulder beetle (severely wounded, 100% to hit)
The blast of sand hits the boulder beetle but does no damage.
The boulder beetle is severely wounded.
The boulder beetle leaps!
The boulder beetle curls into a ball and begins rolling!
Unknown command.
Casting: Sandblast (safe; 1% risk of failure)
Confirm with . or Enter, or press ? or * to list all spells.
Aiming: Sandblast (safe; 1% risk of failure)
Press: ? - help, Shift-Dir - straight line, f/p - boulder beetle
Aim: a boulder beetle (severely wounded, rolling, 100% to hit)
The blast of sand hits the boulder beetle but does no damage.
The boulder beetle is severely wounded.
Unknown command.
Unknown command.
Casting: Sandblast (safe; 1% risk of failure)
Confirm with . or Enter, or press ? or * to list all spells.
Aiming: Sandblast (safe; 1% risk of failure)
Press: ? - help, Shift-Dir - straight line, f/p - boulder beetle
Aim: a boulder beetle (severely wounded, rolling, 100% to hit)
The blast of sand hits the boulder beetle but does no damage.
The boulder beetle is severely wounded.
The boulder beetle hits you!!
* * * LOW HITPOINT WARNING * * *
The boulder beetle stops rolling and uncurls.
Unknown command.
Unknown command.
You feel better. The boulder beetle bites you!
You die...

*####**** #%..,,,.# ########
##.#####.## #.......
##########.........# #.###...
#*#..............#*..# #.# #.##
.##.####...#..##.#*.)# #.# #.#.
#.#.# #.......##°##..#####.###.#.
##..# ##...#..##B.......##.......
#.### ##.##....@.?..#,,,#######.
.## #.##.#######......** #. .#
#.##.#******,.....,* ## .#
*#+##..,,,,,,,,....** ##
**,,,###********,..#* # **,,,,,**
*****,##* # ## **,,,,,,,**
**,,,,,,,* ##
.####,,,,,,,,,****,,,,###,*#####.
....+,,,,,,,,,+,,,,####>####.....


You could see a boulder beetle.

Vanquished Creatures
  A two-headed ogre (D:9)
  An ugly thing (D:9)
  Maurice (D:6)
  A troll (D:8)
  Prince Ribbit (D:6)
  A hornet (D:6)
  Sigmund (D:4)
  A wraith (D:9)
  3 wargs (D:9)
  3 steam dragons
  11 yaks
  A water moccasin (D:7)
  A hornet zombie (D:7)
  2 sky beasts
  3 ice beasts
  5 orc warriors
  5 ogres
  A black bear (D:7)
  7 centaurs
  2 kobold brigands (D:6)
  A wyvern zombie (D:7)
  6 bullfrogs
  2 scorpions (D:5)
  11 wights
  2 howler monkeys
  2 bombardier beetles
  3 bullfrog zombies (D:7)
  2 jellies
  Crazy Yiuf (D:3)
  7 orc priests
  2 hounds
  A sleepcap (D:6)
  Jessica (D:2)
  Terence (D:3)
  2 iguanas (D:5)
  Natasha (thrice) (D:2)
  9 orc wizards
  2 killer bee zombies (D:7)
  Robin (D:3)
  20 gnolls
  8 adders
  A shadow imp (D:6)
  2 white imps (D:6)
  4 ufetubi (D:6)
  3 dart slugs
  2 ribbon worms
  63 orcs
  5 endoplasms
  2 giant cockroaches
  18 goblins
  17 hobgoblins
  9 jackals
  54 kobolds
  3 quokkas
  6 ball pythons
  5 bats
  3 frilled lizards
  4 rats
340 creatures vanquished.

Notes
Turn   | Place    | Note
-------+----------+-------------------------------------------
     0 | D:1      | shadizar the Gargoyle Earth Elementalist began the quest
                  | for the Orb.
     0 | D:1      | Reached XP level 1. HP: 10/10 MP: 3/3
   344 | D:1      | Reached XP level 2. HP: 16/16 MP: 0/5
   483 | D:1      | Reached skill level 1 in Fighting
   575 | D:1      | Reached skill level 4 in Earth Magic
   795 | D:1      | Reached XP level 3. HP: 20/20 MP: 2/6
  1516 | D:2      | Noticed Natasha
  1519 | D:2      | Reached XP level 4. HP: 26/26 MP: 6/8
  1525 | D:2      | Killed Natasha
  1858 | D:2      | Noticed Natasha
  1866 | D:2      | Killed Natasha
  1867 | D:2      | Reached XP level 5. HP: 31/31 MP: 6/9
  1987 | D:2      | Noticed Natasha
  1991 | D:2      | Killed Natasha
  1992 | D:2      | Reached skill level 5 in Earth Magic
  2107 | D:2      | Noticed Jessica
  2108 | D:2      | Killed Jessica
  2405 | D:3      | Reached XP level 6. HP: 37/37 MP: 8/11
  2803 | D:3      | Noticed Robin
  2803 | D:3      | Noticed Terence
  2851 | D:3      | Killed Terence
  3016 | D:3      | Found a glowing silver altar of Zin.
  3059 | D:3      | Killed Robin
  3262 | D:3      | Found a runed translucent door.
  3263 | D:3      | Noticed Crazy Yiuf
  3489 | D:4      | Noticed Sigmund
  3608 | D:3      | Killed Crazy Yiuf
  3670 | D:4      | Killed Sigmund
  3671 | D:4      | Reached skill level 6 in Earth Magic
  3671 | D:4      | Reached XP level 7. HP: 37/44 MP: 8/13
  3684 | D:4      | Learned a level 3 spell: Stone Arrow
  3776 | D:4      | Found a burning altar of Makhleb.
  4011 | D:4      | Reached skill level 5 in Fighting
  4852 | D:5      | Entered Level 5 of the Dungeon
  4912 | D:5      | Reached skill level 7 in Earth Magic
  4912 | D:5      | Reached XP level 8. HP: 50/50 MP: 10/15
  4992 | D:5      | Found Utzibrang's Magic Scroll Boutique.
  4999 | D:5      | Reached skill level 5 in Spellcasting
  5112 | D:5      | Found a staircase to the Ecumenical Temple.
  5195 | D:5      | Found a shimmering altar of Xom.
  5364 | Temple   | Entered the Ecumenical Temple
  5497 | Temple   | Became a worshipper of Vehumet
  5985 | D:6      | Reached skill level 8 in Earth Magic
  6134 | D:6      | Found a glowing golden altar of the Shining One.
  6190 | D:6      | Found a blossoming altar of Fedhas.
  6355 | D:6      | Reached XP level 9. HP: 56/56 MP: 16/18
  6554 | D:6      | Reached * piety under Vehumet
  6554 | D:6      | Offered knowledge of Magic Dart by Vehumet.
  7138 | D:6      | Offered knowledge of Searing Ray by Vehumet.
  7143 | D:6      | Reached ** piety under Vehumet
  7540 | D:7      | Reached skill level 1 in Armour
  7540 | D:7      | Reached skill level 9 in Earth Magic
  7638 | D:7      | Reached skill level 1 in Shields
  7638 | D:7      | Noticed Maurice
  7653 | D:7      | Noticed a hornet
  7663 | D:6      | Killed a hornet
  7764 | D:7      | Noticed Prince Ribbit
  7795 | D:6      | Killed Prince Ribbit
  7877 | D:7      | Reached skill level 10 in Earth Magic
  7912 | D:7      | Offered knowledge of Scorch by Vehumet.
  7939 | D:7      | Reached XP level 10. HP: 64/64 MP: 17/20
  8180 | D:7      | Reached *** piety under Vehumet
  8415 | D:7      | Maurice stole a +4 quarterstaff of chaos
  8417 | D:7      | Something stole an amulet of faith
  8418 | D:7      | Something stole 440 gold
  8460 | D:6      | Something stole 87 gold
  8512 | D:6      | Killed Maurice
  8669 | D:7      | Found a shimmering blue altar of Sif Muna.
  9712 | D:8      | Found a stormy altar of Qazlal.
  9712 | D:8      | Found a shadowy altar of Dithmenos.
  9713 | D:8      | Found a sacrificial altar of Ru.
  9753 | D:8      | Reached skill level 11 in Earth Magic
  9848 | D:8      | Offered knowledge of Frozen Ramparts by Vehumet.
  9984 | D:8      | Reached skill level 5 in Armour
 10236 | D:8      | Reached XP level 11. HP: 48/71 MP: 18/22
 10238 | D:8      | Reached skill level 5 in Shields
 10361 | D:8      | Identified the +7 long sword of Qasin {antimagic, rElec
                  | Stlth+}
 10464 | D:8      | Reached **** piety under Vehumet
 10490 | D:8      | Offered knowledge of Hailstorm by Vehumet.
 10768 | D:9      | Found a flagged portal.
 10785 | Bailey   | Entered a bailey
 11197 | D:9      | Noticed a two-headed ogre
 11201 | D:9      | Killed a two-headed ogre
 11202 | D:9      | Identified the +0 cloak of Orthodoxy {rElec rPois rF+ Will-
                  | Int+5}
 11589 | D:9      | Noticed a green ugly thing
 11597 | D:9      | Killed a green ugly thing
 11623 | D:9      | Found a staircase to the Orcish Mines.
 11664 | D:9      | Reached skill level 12 in Earth Magic
 11816 | D:9      | Reached ***** piety under Vehumet
 11895 | D:9      | Offered knowledge of Fireball by Vehumet.
 11955 | D:9      | Noticed a boulder beetle
 12029 | D:9      | HP: 1/72 [boulder beetle (25)]
 12030 | D:9      | Slain by a boulder beetle

Illustrated notes

Levels and vault maps discovered:
D:1:      dpeg_arrival_houses_and_road, layout_basic, serial_bayou_lake_a
D:2:      layout_rooms, kennysheep_generic_room_6, uniq_natasha, uniq_jessica
D:3:      layout_basic, mainiacjoe_overflow_concentric_impassable, uniq_robin,
          uniq_terence, uniq_crazy_yiuf_cottage
D:4:      layout_basic, overflow_temple_1_default, uniq_sigmund
D:5:      layout_loops_ring, lemuel_crystal_altar,
          minmay_temple_entry_overgrown, serial_shops, shop
D:6:      minmay_goblin_kobold_castle, layout_loops_ring,
          mainiacjoe_overflow_large_starburst, serial_rivers,
          chequers_serial_rivers_small_3, chequers_serial_rivers_large_b,
          chequers_serial_rivers_room_b, chequers_serial_rivers_large_a,
          minmay_misc_feat_pillars, corexii_shack
D:7:      layout_basic, mainiacjoe_overflow_alcove_4, serial_undead,
          serial_undead_c, serial_undead_a, serial_undead_a, serial_undead_c,
          centaur_isle, uniq_maurice, uniq_prince_ribbit1
D:8:      layout_gridville, gammafunk_temple_overflow_forgotten, serial_glass,
          glass_columns_c, glass_columns_a, special_room [special_room_orc]
D:9:      layout_loops_corners, david_orc_1_choice, enter_bailey_3
Temple:   nicolae_temple_ecumenical_triangle

Skill      XL: |  1  2  3  4  5  6  7  8  9 10 11 |
---------------+----------------------------------+-----
Fighting       | 1 2 3 4 5 6 8 9 |  9.7
Earth Magic    | 4 5 6 7 8 10 11 12 | 12.0
Spellcasting   | 3 4 6 7 8 |  8.2
Armour         | 3 5 |  5.0
Shields        | 2 4 5 |  5.0
Conjurations   | 3 4 |  4.3
Dodging        | 2 |  2.5
Stealth        | |  2.1

Action                     |  1- 3 |  4- 6 |  7- 9 | 10-12 || total
---------------------------+-------+-------+-------+-------++-------
  Melee: Unarmed           |    27 |     8 |       |       ||    35
         Staff             |       |       |     1 |    33 ||    34
   Cast: Sandblast         |    49 |   102 |   227 |   280 ||   658
         Stone Arrow       |       |       |       |     5 ||     5
    Use: Scroll            |       |       |    12 |     7 ||    19
         Potion            |       |       |       |     6 ||     6
 Armour: Robe              |    27 |    51 |    58 |       ||   136
         Skin              |       |     4 |       |       ||     4
         Ring mail         |       |       |    78 |   261 ||   339
  Dodge: Dodged            |    42 |    72 |    81 |    79 ||   274
  Block: Kite shield       |       |       |    21 |   117 ||   138

Table legend: (Time is in decaauts)
 A = Elapsed time spent in this place.
 B = Non-inter-level travel time spent in this place.
 C = Inter-level travel time spent in this place.
 D = Time resting spent in this place.
 E = Time spent auto-exploring this place.
 F = Levels seen in this place.
 G = Mean time per level.
                   A        B        C        D        E       F      G
               +--------+--------+--------+--------+--------+-----+--------+
         Total |  12495 |  11905 |    590 |      0 |   9075 |  11 | 1135.9 |
       Dungeon |  11936 |  11346 |    590 |      0 |   8636 |   9 | 1326.2 |
        Temple |    146 |    146 |      0 |      0 |    110 |   1 |  146.0 |
        Bailey |    411 |    411 |      0 |      0 |    329 |   1 |  411.0 |
               +--------+--------+--------+--------+--------+-----+--------+

Top non-repeatable levels by time:
     D:6: 2255 daAuts
     D:3: 1487 daAuts
     D:7: 1434 daAuts
     D:1: 1391 daAuts
     D:4: 1269 daAuts
     D:8: 1103 daAuts
     D:2: 1012 daAuts
     D:9: 1005 daAuts
     D:5: 978 daAuts
  Bailey: 411 daAuts
  Temple: 146 daAuts
